 Dungeon Crawl Stone Soup version 0.21-a0-404-g291f19a (webtiles) character file.

121 kaifei the Sneak (level 5, 0/43 HPs)
             Began as a Gnoll Wanderer on Oct 28, 2017.
             Killed from afar by an orc wizard (7 damage)
             ... with a puff of frost
             ... on level 3 of the Dungeon.
             The game lasted 00:06:52 (1914 turns).

kaifei the Sneak (Gnoll Wanderer)                   Turns: 1914, Time: 00:06:52

Health: 0/43       AC:  3    Str: 13    XL:     5   Next: 5%
Magic:  6/6        EV: 15    Int: 16    God:
Gold:   151        SH:  0    Dex: 15    Spells: 6/6 levels left

rFire    . . .     SeeInvis .   a - +2 dagger
rCold    . . .     Gourm    .   (no shield)
rNeg     . . .     Faith    .   e - +0 robe
rPois    .         Spirit   .   (no helmet)
rElec    .         Reflect  .   (no cloak)
rCorr    .         Harm     .   k - +0 pair of gloves
MR       .....                  (no boots)
Stlth    ++........             (no amulet)
HPRegen  0.14/turn              j - ring of loudness (curse)
MPRegen  0.10/turn              (no ring)

@: no status effects
A: distributed training, fangs 1, strong nose
a: no special abilities


You were on level 3 of the Dungeon.
You were very hungry.

You visited 1 branch of the dungeon, and saw 3 of its levels.

You collected 151 gold pieces.

Inventory:

Hand Weapons
 a - a +2 dagger (weapon)
 c - a +0 falchion
Armour
 e - a +0 robe (worn)
 k - a +0 pair of gloves (worn)
Jewellery
 j - a cursed ring of loudness (left hand)
 m - an uncursed ring of wizardry {unknown}
 p - an uncursed ring of poison resistance {unknown}
 u - an uncursed ring of protection from cold {unknown}
Scrolls
 g - a scroll of recharging {unknown}
 i - 2 scrolls of identify {unknown}
 n - a scroll of noise {unknown}
 q - a scroll of teleportation {unknown}
 r - a scroll of magic mapping {unknown}
 s - a scroll of fear {unknown}
Potions
 b - 4 potions of heal wounds
 d - 4 potions of lignification
 h - 4 potions of curing {unknown}
 l - a potion of brilliance {unknown}
Comestibles
 f - 3 bread rations
 o - 2 fruits
 t - a chunk of flesh


   Skills:
 + Level 4.7 Fighting
 + Level 1.3 Short Blades
 + Level 1.3 Long Blades
 + Level 1.3 Axes
 + Level 1.3 Maces & Flails
 + Level 1.3 Polearms
 + Level 1.3 Staves
 + Level 1.3 Slings
 + Level 1.3 Bows
 + Level 1.3 Crossbows
 + Level 2.8 Throwing
 + Level 1.3 Armour
 + Level 4.7 Dodging
 + Level 6.1 Stealth
 + Level 2.8 Shields
 + Level 2.8 Unarmed Combat
 + Level 1.3 Spellcasting
 + Level 1.0 Conjurations
 + Level 1.0 Hexes
 + Level 1.0 Charms
 + Level 1.0 Summonings
 + Level 1.0 Necromancy
 + Level 1.0 Translocations
 + Level 1.0 Transmutations
 + Level 1.0 Fire Magic
 + Level 1.0 Ice Magic
 + Level 1.0 Air Magic
 + Level 1.0 Earth Magic
 + Level 1.0 Poison Magic
 + Level 1.4 Invocations
 + Level 1.3 Evocations


You had 6 spell levels left.
You didn't know any spells.

Dungeon Overview and Level Annotations

Branches:
Dungeon (3/15)

Altars:
Cheibriados
Elyvilon
Sif Muna
Uskayaw
Wu Jian

Annotations:
D:3 darxusza's ghost, weakling DsFE


Innate Abilities, Weirdness & Mutations

Your experience applies equally to all skills.
You have very sharp teeth.
Your uncanny sense of smell can sniff out nearby items.


Message History

You hit the orc wizard.
The orc wizard is heavily wounded.
The orc wizard gestures at you while chanting.
The magic dart hits you!
* * * LOW HITPOINT WARNING * * *
You barely miss the orc wizard.
The orc wizard is heavily wounded.
The orc wizard hits you with a dagger.
* * * LOW HITPOINT WARNING * * *
The orc wizard hits you with a dagger.
* * * LOW HITPOINT WARNING * * *
You miss the orc wizard.
The orc wizard is heavily wounded.
The orc wizard hits you but does no damage.
You hit the orc wizard.
The orc wizard is severely wounded.
The orc wizard hits you but does no damage.
The orc wizard gestures at you while chanting.
The puff of frost hits you!
You die...

#S#.##.##.#
...#..o....# ###
####.#### #o#
######### #.###
#.......# #...#
#.%...(.# ###o#
#.......# #o#
#.......# #@#
#.......# #)#
#.......# #.#
#......<# #.#
#.##.##.# ###.#
..#≈ #.......#
#...# ...≈≈≈
####.####
#.#########...≈#≈
#.# #.# #......
.≈≈≈≈ #.# #.#
#.#.#.#...≈#


You could see an orc wizard and an orc.

Vanquished Creatures
  3 adders (D:2)
  A river rat (D:3)
  2 oozes
  5 dart slugs
  A leopard gecko (D:3)
  4 orcs (D:3)
  A ball python (D:2)
  2 giant cockroaches
  9 goblins
  4 hobgoblins
  5 jackals
  10 kobolds
  A quokka (D:3)
  3 bats
  4 frilled lizards
  6 rats
61 creatures vanquished.

Notes
Turn   | Place    | Note
-------+----------+-------------------------------------------
     0 | D:1      | kaifei the Gnoll Wanderer began the quest for the Orb.
     0 | D:1      | kaifei set off with: a +2 dagger, a potion of heal wounds, a +0 falchion, a potion of lignification, a +0 robe, a bread ration
     0 | D:1      | Reached XP level 1. HP: 20/20 MP: 1/1
    93 | D:1      | Reached XP level 2. HP: 21/26 MP: 2/2
   500 | D:1      | Reached XP level 3. HP: 31/31 MP: 3/3
   545 | D:1      | Reached skill level 6 in Stealth
   875 | D:2      | Reached skill level 1 in Invocations
   913 | D:2      | Reached skill level 1 in Short Blades
   913 | D:2      | Reached skill level 1 in Long Blades
   913 | D:2      | Reached skill level 1 in Axes
   913 | D:2      | Reached skill level 1 in Maces & Flails
   913 | D:2      | Reached skill level 1 in Polearms
   913 | D:2      | Reached skill level 1 in Staves
   913 | D:2      | Reached skill level 1 in Slings
   913 | D:2      | Reached skill level 1 in Bows
   913 | D:2      | Reached skill level 1 in Crossbows
   913 | D:2      | Reached skill level 1 in Armour
   913 | D:2      | Reached skill level 1 in Spellcasting
   913 | D:2      | Reached skill level 1 in Evocations
   987 | D:2      | Reached XP level 4. HP: 22/38 MP: 5/5
  1258 | D:2      | Found a snail-covered altar of Cheibriados.
  1261 | D:2      | Found a white marble altar of Elyvilon.
  1265 | D:2      | Found a hide-covered altar of Uskayaw.
  1434 | D:2      | Reached skill level 1 in Conjurations
  1434 | D:2      | Reached skill level 1 in Hexes
  1434 | D:2      | Reached skill level 1 in Charms
  1434 | D:2      | Reached skill level 1 in Summonings
  1434 | D:2      | Reached skill level 1 in Necromancy
  1434 | D:2      | Reached skill level 1 in Translocations
  1434 | D:2      | Reached skill level 1 in Transmutations
  1434 | D:2      | Reached skill level 1 in Fire Magic
  1434 | D:2      | Reached skill level 1 in Ice Magic
  1434 | D:2      | Reached skill level 1 in Air Magic
  1434 | D:2      | Reached skill level 1 in Earth Magic
  1434 | D:2      | Reached skill level 1 in Poison Magic
  1445 | D:2      | Found a deep blue altar of Sif Muna.
  1660 | D:3      | Noticed darxusza's ghost (weakling DsFE)
  1660 | D:3      | Reached XP level 5. HP: 41/43 MP: 6/6
  1829 | D:3      | Found an ornate altar of the Wu Jian Council.
  1914 | D:3      | Killed from afar by an orc wizard

Vault maps used:
D:1:      sevenhm_arrival_forest_fort_small_3, serial_bayou_pond_b
D:2:      grunt_temple_overflow_diamond, marbit_many_paths
D:3:      overflow_temple_1_default, lightli_sewer_entry_pipes, first_bread

Skill      XL: |  1  2  3  4 |
---------------+-------------+-----
Stealth        | 6 |  6.1
Invocations    | 1 |  1.4
Short Blades   | 1 |  1.3
Long Blades    | 1 |  1.3
Axes           | 1 |  1.3
Maces & Flails | 1 |  1.3
Polearms       | 1 |  1.3
Staves         | 1 |  1.3
Slings         | 1 |  1.3
Bows           | 1 |  1.3
Crossbows      | 1 |  1.3
Armour         | 1 |  1.3
Spellcasting   | 1 |  1.3
Evocations     | 1 |  1.3
Conjurations   | 1 |  1.0
Hexes          | 1 |  1.0
Charms         | 1 |  1.0
Summonings     | 1 |  1.0
Necromancy     | 1 |  1.0
Translocations | 1 |  1.0
Transmutations | 1 |  1.0
Fire Magic     | 1 |  1.0
Ice Magic      | 1 |  1.0
Air Magic      | 1 |  1.0
Earth Magic    | 1 |  1.0
Poison Magic   | 1 |  1.0
Fighting       | |  4.7
Throwing       | |  2.8
Dodging        | |  4.7
Shields        | |  2.8
Unarmed Combat | |  2.8

Action                   |  1- 3 |  4- 6 || total
-------------------------+-------+-------++-------
Melee: Dagger            |   110 |    89 ||   199
       Bite              |    11 |     7 ||    18
       Punch             |     2 |       ||     2
 Stab: Sleeping          |     5 |     7 ||    12
       Distracted        |       |     1 ||     1
  Eat: Chunk             |       |     2 ||     2
Armor: Robe              |    24 |     9 ||    33
Dodge: Dodged            |    78 |    50 ||   128

Table legend:
 A = Spawn XP
 B = Non-spawn XP
 C = Spawn XP percentage of total XP
 D = Spawn monster count
 E = Non-spawn monster count
 F = Spawn count percentage of total count
 G = Total turns spent on level
                    A         B        C        D         E        F      G
               +---------+---------+-------+---------+---------+-------+---------
         Total |       0 |     174 |   0.0 |       0 |      61 |   0.0 |  1914
               +---------+---------+-------+---------+---------+-------+---------
           D:1 |       0 |      53 |   0.0 |       0 |      25 |   0.0 |   829
           D:2 |       0 |      86 |   0.0 |       0 |      26 |   0.0 |   945
           D:3 |       0 |      35 |   0.0 |       0 |      10 |   0.0 |   140
               +---------+---------+-------+---------+---------+-------+---------
